 Dungeon Crawl Stone Soup version 0.29-a0-338-g1ff7896281 (webtiles) character file.

Game seed: 3541640946267299357

15650 Dauddaud the Severer (level 12, -16/142 HPs)
             Began as a Minotaur Berserker on Apr 19, 2022.
             Was an Elder of Trog.
             Demolished by a two-headed ogre
             ... wielding a +0 giant spiked club
              (25 damage)
             ... on level 11 of the Dungeon.
             The game lasted 00:28:59 (13494 turns).

Dauddaud the Severer (Minotaur Berserker)          Turns: 13494, Time: 00:29:00

Health: -16/142    AC: 15    Str: 27    XL:     12   Next: 3%
Magic:  0/11       EV: 13    Int:  4    God:    Trog [****..]
Gold:   758        SH:  0    Dex: 16    Spells: 11/11 levels left

rFire   . . .      SeeInvis .   c - +3 battleaxe (freeze)
rCold   . . .      Faith    .   (shield currently unavailable)
rNeg    . . .      Spirit   +   w - +0 plate armour
rPois   .          Reflect  .   (helmet restricted)
rElec   .          Harm     .   D - +0 cloak
rCorr   .          Rampage  .   E - +1 pair of gloves
Will    .....                   (no boots)
Stlth   ..........              M - amulet of guardian spirit
HPRegen 0.33/turn               x - +4 ring of evasion
MPRegen 0.12/turn               G - +6 ring of dexterity

@: berserking, very quick
A: horns 2, retaliatory headbutt
a: Renounce Religion, Berserk, Trog's Hand, Brothers in Arms


You were on level 11 of the Dungeon.
You worshipped Trog.
Trog was greatly pleased with you.
You visited 1 branch of the dungeon, and saw 11 of its levels.
You also visited: Sewer.

You collected 758 gold pieces.

Inventory:

Hand Weapons
 a - a +0 hand axe
 c - a +3 battleaxe of freezing (weapon)
 A - a +1 vampiric hand axe
Armour
 b - a +0 animal skin
 d - a +0 ring mail
 k - a +0 scale mail
 w - a +0 plate armour (worn)
 D - a +0 cloak (worn)
 E - a +1 pair of gloves (worn)
Jewellery
 x - a +4 ring of evasion (left hand)
 z - a ring of ice
 G - a +6 ring of dexterity (right hand)
 H - a ring of protection from cold
 M - an amulet of guardian spirit (around neck)
Wands
 t - a wand of iceblast (27)
 C - a wand of digging (10)
 I - a wand of mindburst (15)
 K - a wand of flame (10)
Scrolls
 o - 2 scrolls of vulnerability
 p - 2 scrolls of immolation
 q - 2 scrolls of enchant armour
 r - 2 scrolls of holy word
 u - a scroll of identify
 y - 3 scrolls of amnesia
 B - 2 scrolls of noise
 J - 2 scrolls of teleportation
 L - 2 scrolls of fog
Potions
 e - 5 potions of heal wounds
 f - 5 potions of degeneration
 g - 3 potions of curing
 h - 3 potions of mutation {unknown}
 i - 2 potions of brilliance {unknown}
 j - 3 potions of might
 l - 2 potions of haste {unknown}
 m - 2 potions of invisibility {unknown}
 n - 2 potions of resistance {unknown}
 s - 3 potions of flight {unknown}
 v - a potion of cancellation {unknown}
 N - 2 potions of lignification


   Skills:
 * Level 5.8 Fighting
 - Level 20.0 Axes
 * Level 5.1 Armour
 + Level 3.5 Dodging
 - Level 7.0 Evocations


You had 11 spell levels left.
You didn't know any spells.
Your spell library was empty.

Dungeon Overview and Level Annotations

Branches:
Dungeon (11/15)            Temple (0/1) D:4            Lair (0/6) D:11
    Orc (0/2) D:10          Sewer (visited)

Altars:
Elyvilon
Hepliaklqana
Kikubaaqudgha
Makhleb
Okawaru
Ru
Sif Muna
Uskayaw
Wu Jian
Yredelemnul
Zin
The Shining One

Annotations:
D:11 Lodul


Innate Abilities, Weirdness & Mutations

You have a pair of horns on your head.
You reflexively headbutt those who attack you in melee.


Message History

The two-headed ogre hits you with a +0 giant spiked club!
You slice the two-headed ogre!! You freeze the two-headed ogre.
You kill the two-headed ogre!
Trog accepts your kill.
You feel a strong urge to attack something.
Lodul shouts!
The two-headed ogre hits you with a +0 giant spiked club!!
* * * LOW HITPOINT WARNING * * *
The two-headed ogre misses you.
Things that are here:
a +0 giant club; a +0 giant spiked club; a two-headed ogre corpse You slash the two-headed ogre!
You freeze the two-headed ogre.
You headbutt the two-headed ogre, but do no damage.
The two-headed ogre is moderately wounded.
You barely miss the ogre. You barely miss the two-headed ogre.
You headbutt the two-headed ogre!
The two-headed ogre is heavily wounded.
You slice the ogre!! You freeze the ogre.
You kill the ogre!
Trog accepts your kill.
You closely miss the two-headed ogre. You headbutt the two-headed ogre.
The two-headed ogre is heavily wounded.
The two-headed ogre completely misses you.
The two-headed ogre hits you with a +0 giant club!!
* * * LOW HITPOINT WARNING * * *
You slice the two-headed ogre!! You freeze the two-headed ogre.
You kill the two-headed ogre!
Trog accepts your kill.
A two-headed ogre comes into view.
It is wielding two +0 giant spiked clubs.
Your Armour skill increases to level 5!
You have reached level 12!
You feel stronger.
You closely miss Lodul. You slash the two-headed ogre!
You freeze the two-headed ogre. You slice Lodul!! You freeze Lodul.
You headbutt Lodul!
Lodul is severely wounded.
You hit the two-headed ogre. You freeze the two-headed ogre.
Lodul barely misses you. The two-headed ogre closely misses you.
The two-headed ogre hits you with a +0 giant spiked club!!
You die...

##...#...............#..
#....###.....>.....###..
#.......................
#...#####.......))#####.
#...'...##.......#....#.
#...#...##.......#....#.
#...#...###.....##....##
#...########...###......
#......@O.#.............
#..#####O.#.............
#..# O.#.............
#..# ..#.............
#..# ..#........#####
#..# ..#.....)..#....
#..# ..#........#....
#..# ..#...>....#....
#..# +........#....


You could see Lodul, a two-headed ogre and an ogre.

Vanquished Creatures
  3 two-headed ogres (D:11)
  The ghost of P0WERM0DE the Covert, a journeyman SpIE of Okawaru (D:9)
  The ghost of Glokmah the Spear-Bearer, a novice MfAK of Lugonu (D:7)
  The ghost of Iidacon the Cleaver, a novice HuBe of Trog (D:7)
  The ghost of Miritol the Covert, a novice OpBe of Trog (D:7)
  The ghost of Lekart the Ducker, a novice DrCK of Xom (D:7)
  2 ugly things (D:10)
  Joseph (D:8)
  The ghost of Sekuso the Charlatan, a novice FoAr (D:4)
  The ghost of raistware the Gusty, a novice HuAE (D:4)
  An efreet (D:10)
  2 trolls (D:10)
  The ghost of anet the Skirmisher, an amateur MiBe of Trog (D:4)
  A hornet (D:8)
  A shadow (D:10)
  2 spriggans (D:10)
  A vampire (D:10)
  11 yaks
  Eustachio (D:5)
  The ghost of LetschGu the Chopper, an amateur HOAK of Lugonu (D:4)
  Grum (D:9)
  The ghost of void236 the Shield-Bearer, an amateur GnWn (D:4)
  A wyvern (D:10)
  A steam dragon (D:8)
  An acid dragon (D:8)
  Edmund (D:5)
  2 water moccasins
  8 orc warriors
  An ice beast (D:5)
  2 sky beasts
  3 ogres (D:11)
  5 centaurs
  4 wolves
  2 phantoms
  4 kobold brigands
  2 bullfrogs
  5 necrophages
  2 scorpions
  13 wights (D:6)
  A human zombie (D:4)
  Crazy Yiuf (D:5)
  A jelly (D:7)
  A gnoll shaman (D:7)
  An iguana (D:5)
  9 orc priests
  10 orc wizards
  2 scorpion zombies (D:4)
  A mummy (D:4)
  Robin (D:3)
  2 howler monkey zombies (D:4)
  4 gnolls (D:7)
  5 adders
  A white imp (D:7)
  5 adder zombies (D:4)
  2 worms
  4 dart slugs
  29 orcs
  5 endoplasms
  12 giant cockroaches
  12 goblins
  5 hobgoblins (D:3)
  5 quokkas
  4 ball pythons
  5 bats
  3 frilled lizards
  30 kobolds
  3 rats
258 creatures vanquished.

Vanquished Creatures (collateral kills)
  A hydra (D:8)
1 creature vanquished.

Vanquished Creatures (others)
  A fungus (D:10)
  5 plants
6 creatures vanquished.

Grand Total: 265 creatures vanquished

Notes
Turn   | Place    | Note
-------+----------+-------------------------------------------
     0 | D:1      | Dauddaud the Minotaur Berserker began the quest for the
                  | Orb.
     0 | D:1      | Reached XP level 1. HP: 19/19 MP: 0/0
   133 | D:1      | Reached skill level 4 in Axes
   159 | D:1      | Reached XP level 2. HP: 14/26 MP: 1/1
   628 | D:1      | Reached skill level 5 in Axes
   649 | D:1      | Found a faded altar of an unknown god.
   890 | D:1      | Reached XP level 3. HP: 31/31 MP: 2/2
  1069 | D:2      | You fall into a shaft and drop 2 floors!
  1099 | D:4      | Reached ** piety under Trog
  1100 | D:4      | Reached skill level 6 in Axes
  1100 | D:4      | Reached XP level 4. HP: 17/39 MP: 3/3
  1362 | D:3      | Reached XP level 5. HP: 45/45 MP: 4/4
  1405 | D:3      | Reached skill level 7 in Axes
  1586 | D:3      | Found a glowing drain.
  1632 | Sewer    | Entered a sewer
  1905 | Sewer    | Reached skill level 8 in Axes
  2203 | D:3      | Reached *** piety under Trog
  2235 | D:3      | Noticed Robin
  2241 | D:3      | Reached XP level 6. HP: 46/51 MP: 5/5
  2247 | D:3      | Killed Robin
  2578 | D:3      | Found a shimmering blue altar of Sif Muna.
  2915 | D:4      | Found a runed translucent gate.
  2915 | D:4      | Found a runed translucent gate.
  2915 | D:4      | Found a runed translucent gate.
  2917 | D:4      | Noticed raistware's ghost (novice HuAE)
  2917 | D:4      | Noticed Sekuso's ghost (novice FoAr)
  2918 | D:4      | Noticed anet's ghost (amateur MiBe)
  2918 | D:4      | Noticed LetschGu's ghost (amateur HOAK)
  2918 | D:4      | Noticed void236's ghost (amateur GnWn)
  3109 | D:4      | Found a staircase to the Ecumenical Temple.
  3223 | D:4      | Reached skill level 1 in Evocations
  3235 | D:4      | Reached skill level 9 in Axes
  3267 | D:4      | Reached XP level 7. HP: 57/57 MP: 6/6
  3270 | D:4      | Reached **** piety under Trog
  3273 | D:4      | Found a basalt altar of Yredelemnul.
  3602 | D:5      | Entered Level 5 of the Dungeon
  3999 | D:5      | Reached skill level 10 in Axes
  4482 | D:5      | Found a runed translucent door.
  4483 | D:5      | Noticed Crazy Yiuf
  4563 | D:5      | Reached XP level 8. HP: 63/64 MP: 7/7
  4686 | D:5      | Noticed Edmund
  4687 | D:5      | Found an ancient bone altar of Kikubaaqudgha.
  4697 | D:5      | Killed Edmund
  4806 | D:5      | Noticed Eustachio
  4835 | D:5      | Killed Eustachio
  4836 | D:5      | Reached skill level 11 in Axes
  5028 | D:5      | Killed Crazy Yiuf
  5249 | D:6      | Found a sacrificial altar of Ru.
  5525 | D:6      | Reached skill level 12 in Axes
  5702 | D:6      | Reached skill level 5 in Evocations
  5702 | D:6      | Reached XP level 9. HP: 56/70 MP: 8/8
  5983 | D:6      | Found a glowing silver altar of Zin.
  5983 | D:6      | Found a white marble altar of Elyvilon.
  5983 | D:6      | Found a glowing golden altar of the Shining One.
  6004 | D:6      | Reached skill level 13 in Axes
  6347 | D:7      | Found a runed translucent gate.
  6348 | D:7      | Found a runed translucent gate.
  6349 | D:7      | Found a runed translucent gate.
  6350 | D:7      | Noticed Miritol's ghost (novice OpBe)
  6350 | D:7      | Noticed Lekart's ghost (novice DrCK)
  6350 | D:7      | Noticed Iidacon's ghost (novice HuBe)
  6352 | D:7      | Noticed Glokmah's ghost (novice MfAK)
  6452 | D:7      | Found a burning altar of Makhleb.
  6454 | D:7      | Noticed a blizzard demon
  6654 | D:7      | Reached skill level 14 in Axes
  6851 | D:7      | Found an ornate altar of the Wu Jian Council.
  7516 | D:8      | Reached XP level 10. HP: 46/77 MP: 9/9
  7753 | D:8      | Reached skill level 15 in Axes
  8064 | D:8      | Noticed Joseph
  8089 | D:8      | Killed Joseph
  8386 | D:8      | Identified the +7 rapier "Maojec" {drain, rC+}
  8455 | D:8      | Paralysed by a hornet for 3 turns
  9413 | D:9      | Reached skill level 16 in Axes
  9621 | D:9      | Noticed a five-headed hydra
  9718 | D:8      | Killed a six-headed hydra
  9909 | D:9      | Found a hide-covered altar of Uskayaw.
 10196 | D:9      | Noticed Grum
 10203 | D:9      | Killed Grum
 10208 | D:9      | Reached skill level 17 in Axes
 10329 | D:9      | Found a hazy altar of Hepliaklqana.
 10492 | D:10     | Entered Level 10 of the Dungeon
 10510 | D:10     | Found a runed translucent door.
 10511 | D:10     | Noticed P0WERM0DE's ghost (journeyman SpIE)
 10512 | D:10     | Identified the +7 spear of the Building Genius {venom, Fly
                  | Dex-2 SInv Stlth+}
 10620 | D:10     | Noticed a red ugly thing
 10624 | D:10     | Killed a red ugly thing
 10865 | D:10     | Reached XP level 11. HP: 55/82 MP: 10/10
 11252 | D:10     | Noticed a green ugly thing
 11264 | D:10     | Killed a green ugly thing
 11265 | D:10     | Reached skill level 18 in Axes
 11546 | D:10     | Found a staircase to the Orcish Mines.
 11710 | D:10     | Found an iron altar of Okawaru.
 12091 | D:4      | Killed raistware's ghost
 12095 | D:4      | Killed LetschGu's ghost
 12096 | D:4      | Killed void236's ghost
 12096 | D:4      | Killed Sekuso's ghost
 12097 | D:4      | Reached skill level 19 in Axes
 12099 | D:4      | Killed anet's ghost
 12387 | D:7      | Killed Miritol's ghost
 12388 | D:7      | Killed Iidacon's ghost
 12394 | D:7      | Killed Glokmah's ghost
 12396 | D:7      | Killed Lekart's ghost
 12725 | D:9      | Killed P0WERM0DE's ghost
 12726 | D:9      | Reached skill level 20 in Axes
 13170 | D:11     | Noticed Lodul
 13257 | D:11     | Noticed a two-headed ogre
 13262 | D:11     | Killed a two-headed ogre
 13263 | D:11     | Reached skill level 5 in Fighting
 13365 | D:11     | Found a staircase to the Lair.
 13479 | D:11     | Noticed a two-headed ogre
 13479 | D:11     | Noticed a two-headed ogre
 13486 | D:11     | Killed a two-headed ogre
 13492 | D:11     | Killed a two-headed ogre
 13492 | D:11     | Noticed a two-headed ogre
 13493 | D:11     | Reached skill level 5 in Armour
 13493 | D:11     | Reached XP level 12. HP: 9/95 MP: 1/11
 13494 | D:11     | Demolished by a two-headed ogre

Illustrated notes

Levels and vault maps discovered:
D:1:      eino_arrival_cavern_a, layout_loops_ring,
          hellmonk_ecumenical_altar_slurped_away
D:2:      layout_loops_corners
D:3:      layout_basic, nicolae_sif_muna_little_library, gup_sewer_entry_pipe,
          hangedman_abyss_or_decor_lesser_grid, minmay_misc_feat_roman,
          ebering_dispersal_statue_hall, dreamdust_wishing_well, st_stairs_14,
          chequers_avenue, uniq_robin
D:4:      layout_rooms, lemuel_mausoleum_altar_yredelemnul,
          lemuel_temple_firewalk_b, gammafunk_ghost_cemetery,
          corexii_checkpoint_a
D:5:      layout_basic, mainiacjoe_overflow_alcove_2, uniq_edmund,
          uniq_crazy_yiuf_cottage, uniq_eustachio
D:6:      layout_basic, good_gods_mini_temple, overflow_temple_1_default,
          minmay_misc_feat_four_crosses, minmay_misc_feat_tower,
          minmay_misc_feat_encased
D:7:      layout_basic, nzn_wu_jian_council_hall, makhleb_altar_promises_db,
          gammafunk_ghost_cemetery
D:8:      layout_layer_cave, kennysheep_generic_room_13, uniq_joseph
D:9:      layout_basic, eat_drink_and_be_merry_uskayaw,
          nzn_hepliaklqana_mist_gate, hangedman_decor_push, dk_noncrumbling_2,
          uniq_grum
D:10:     minmay_distorted_concentric_squares, layout_loops_corners,
          okawaru_trees_1, david_orc_2, ebering_ghost_funeral_grove
D:11:     nzn_winding_woodlands_small [nzn_winding_woodlands_5x15_crooked,
          nzn_winding_woodlands_center_pierced_h,
          nzn_winding_woodlands_5x15_twine], layout_irregular_city,
          erik_lair_orcish_takeover, kennysheep_flooded_box,
          kennysheep_decorative_pillar, uniq_lodul

Skill      XL: |  1  2  3  4  5  6  7  8  9 10 11 |
---------------+----------------------------------+-----
Axes           | 4 5 6 8 9 10 12 14 17 20 | 20.0
Evocations     | 1 3 5 6 7 |  7.0
Fighting       | 5 |  5.8
Armour         | 5 |  5.1
Dodging        | 3 |  3.5

Action                   |  1- 3 |  4- 6 |  7- 9 | 10-12 || total
-------------------------+-------+-------+-------+-------++-------
Melee: Hand axe          |    54 |   205 |   191 |       ||   450
       Headbutt          |    11 |    29 |    52 |    46 ||   138
       Battleaxe         |       |       |    95 |   211 ||   306
       Punch             |       |       |     2 |       ||     2
Invok: Berserk           |     1 |       |     2 |     7 ||    10
       Trog's Hand       |       |       |       |     3 ||     3
       Brothers in Arms  |       |       |       |     1 ||     1
  Use: Scroll            |       |       |     7 |     8 ||    15
       Potion            |       |       |       |     1 ||     1
Armor: Ring mail         |    19 |    20 |       |       ||    39
       Scale mail        |       |    45 |       |       ||    45
       Plate armour      |       |    11 |   112 |    86 ||   209
Dodge: Dodged            |    31 |   104 |    93 |   115 ||   343

Table legend: (Time is in decaauts)
 A = Elapsed time spent in this place.
 B = Non-inter-level travel time spent in this place.
 C = Inter-level travel time spent in this place.
 D = Time resting spent in this place.
 E = Time spent auto-exploring this place.
 F = Levels seen in this place.
 G = Mean time per level.
                   A        B        C        D        E       F      G
               +--------+--------+--------+--------+--------+-----+--------+
         Total |  13534 |  12871 |    663 |   3035 |   8152 |  12 | 1127.8 |
       Dungeon |  13114 |  12451 |    663 |   3035 |   7830 |  11 | 1192.2 |
         Sewer |    420 |    420 |      0 |      0 |    321 |   1 |  420.0 |
               +--------+--------+--------+--------+--------+-----+--------+

Top non-repeatable levels by time:
     D:8: 2261 daAuts
     D:5: 1664 daAuts
    D:10: 1626 daAuts
     D:9: 1602 daAuts
     D:3: 1330 daAuts
     D:7: 1275 daAuts
     D:6: 1026 daAuts
     D:4: 984 daAuts
     D:1: 964 daAuts
   Sewer: 420 daAuts
    D:11: 271 daAuts
     D:2: 107 daAuts
